 Dungeon Sprint DCSS version 0.31-a0-750-gfe7b580527 (webtiles) character file.

Game seed: 14659216083930493385

611 rocky1 the Grappler (level 7, -5/99 HPs)
             Began as a Troll Shapeshifter on Sept 14, 2023.
             Was an Initiate of Gozag.
             Slain by an eight-headed hydra (8 damage)
             ... in the Dungeon (Sprint IX: "|||||||||||||||||||||||||||||").
             The game lasted 00:01:24 (607 turns).

rocky1 the Grappler (Troll Shapeshifter)             Turns: 607, Time: 00:01:25

Health: -5/99      AC:  4    Str: 28    XL:     7   Next: 20%
Magic:  6/6        EV: 11    Int:  6    God:    Gozag
Gold:   594        SH:  0    Dex: 12    Spells: 6/6 levels left

rFire   . .          .
                       - Unarmed
rCold   . . .        (no shield)
rNeg    . . .        a - +0 animal skin
rPois   .            (helmet currently unavailable)
rElec   .            (cloak currently unavailable)
rCorr   .            (gloves unavailable)
SInv    .            (boots unavailable)
Will    .....        (no amulet) Stlth
                     n - +3 ring of strength
HPRegen 1.16/turn    o - +3 ring of dexterity
MPRegen 0.10/turn

%: no teleportation
@: berserking, beast-form, invisible, very quick
A: beast (slay +4), large, unfitting armour, claws 3, regeneration 1, shaggy fur
1, tough skin 1
a: Begin Untransformation, Renounce Religion, Potion Petition, Call Merchant,
Bribe Branch


You were in the Dungeon.
You worshipped Gozag.
Gozag was pleased with you.
You were a hulking beast.
You visited 1 branch You collected 594 gold pieces.

Inventory:

Armour
 a - a +0 animal skin (worn)
Jewellery
 n - a +3 ring of strength (left claw)
 o - a +3 ring of dexterity (right claw)
Talismans
 c - a beast talisman (active)
 d - a flux talisman
Wands
 m - a wand of quicksilver (10)
Scrolls
 j - 2 scrolls of blinking
 l - 2 scrolls of amnesia
Potions
 e - 5 potions of curing
 f - 2 potions of heal wounds
 g - a potion of haste
 h - 4 potions of magic


   Skills:
 + Level 2.3 Fighting
 + Level 4.3 Dodging
 + Level 0.1 Stealth
 + Level 11.3 Unarmed Combat
 + Level 9.4 Shapeshifting


You had 6 spell levels left.
You didn't know any spells.
Your spell library was empty.

Dungeon Overview and Level Annotations

Branches:
Dungeon (1/1)

Altars:
Cheibriados
Dithmenos
Elyvilon
Fedhas
Gozag
Hepliaklqana
Kikubaaqudgha
Makhleb
Nemelex Xobeh
Okawaru
Qazlal
Ru
Sif Muna
Trog
Uskayaw
Vehumet
Wu Jian
Xom
Yredelemnul
Zin
The Shining One
Jiyva
Lugonu


Innate Abilities, Weirdness & Mutations

You are a hulking beast.
Your limbs bulge with bestial killing power. (Slay +4)
You are too large for most types of armour.
You have claws for hands.
Your natural rate of healing is unusually fast.
You are covered in fur. (AC +1)
You have tough skin. (AC +1)


Message History

Unknown command.
You fade into invisibility!
The six-headed hydra bites you!
The six-headed hydra barely misses you. x3
The six-headed hydra bites you!
The six-headed hydra closely misses you.
A red film seems to cover your vision as you go berserk!
You feel yourself moving faster!
You feel mighty!
The tengu warrior unwields a +0 great sword.
The tengu warrior wields a +0 arbalest.
The tengu warrior shoots a bolt.
The bolt hits the troll!!
The six-headed hydra barely misses you.
The six-headed hydra bites you but does no damage.
The six-headed hydra bites you! The six-headed hydra barely misses you.
The six-headed hydra bites you!
The six-headed hydra bites you but does no damage.
You tear one of the six-headed hydra's heads off!
The five-headed hydra grows two more!
You mangle the seven-headed hydra!! You claw the seven-headed hydra!
The seven-headed hydra is severely wounded.
The seven-headed hydra bites you but does no damage. x2
The seven-headed hydra closely misses you.
The seven-headed hydra bites you!
* * * LOW HITPOINT WARNING * * *
The seven-headed hydra barely misses you.
The seven-headed hydra closely misses you.
The seven-headed hydra bites you.
* * * LOW HITPOINT WARNING * * *
You claw one of the seven-headed hydra's heads off!
The six-headed hydra grows two more!
You claw the eight-headed hydra!
The eight-headed hydra is severely wounded.
Unknown command.
You barely miss the eight-headed hydra.
The eight-headed hydra is severely wounded.
The tengu warrior shoots a bolt.
The bolt hits the troll!
The eight-headed hydra bites you!
* * * LOW HITPOINT WARNING * * *
The eight-headed hydra bites you!
* * * LOW HITPOINT WARNING * * *
The eight-headed hydra bites you!
You die...
Your body crumbles into a pile of gold. ▓▓▓▓▓▓▓▓▓▓▓▓▓▓▓▓▓▓▓▓▓▓▓▓ .DC9QTDh....[)[.[[[.)..' ▓▓▓▓▓▓▓▓▓▓▓▓▓▓▓▓▓▓▓▓▓▓▓▓

You could see an eight-headed hydra (unable to see you), a four-headed hydra (unable to see you), a tengu warrior (unable to see you), a cyclops (unable to see you), a troll (unable to see you) and a gargoyle (unable to see you).

Vanquished Creatures
  A wraith (D)
  A yak (D)
  An orc warrior (D)
  A centaur (D)
  A kobold brigand (D)
  An iguana (D)
  An orc wizard (D)
  A gnoll (D)
  An adder (D)
  A white imp (D)
  An orc (D)
  A bat (D)
  2 goblins (D)
  A quokka (D)
  A frilled lizard (D)
16 creatures vanquished.

Notes
Turn   | Place    | Note
-------+----------+-------------------------------------------
     0 | D        | rocky1 the Troll Shapeshifter began the quest for the Orb.
     0 | D        | Reached XP level 1. HP: 18/18 MP: 0/0
   128 | D        | Noticed an iguana
   131 | D        | Killed an iguana
   132 | D        | Reached skill level 1 in Fighting
   132 | D        | Reached skill level 4 in Unarmed Combat
   132 | D        | Reached XP level 2. HP: 27/27 MP: 1/1
   132 | D        | Reached XP level 3. HP: 33/33 MP: 2/2
   137 | D        | Reached skill level 5 in Unarmed Combat
   137 | D        | Reached skill level 5 in Shapeshifting
   252 | D        | Found a snail-covered altar of Cheibriados.
   252 | D        | Found a shadowy altar of Dithmenos.
   252 | D        | Found a white marble altar of Elyvilon.
   252 | D        | Found a blossoming altar of Fedhas.
   252 | D        | Found an opulent altar of Gozag.
   253 | D        | Found a hazy altar of Hepliaklqana.
   254 | D        | Found a viscous altar of Jiyva.
   255 | D        | Found an ancient bone altar of Kikubaaqudgha.
   256 | D        | Found a corrupted altar of Lugonu.
   257 | D        | Found a burning altar of Makhleb.
   258 | D        | Found a sparkling altar of Nemelex Xobeh.
   259 | D        | Found an iron altar of Okawaru.
   260 | D        | Became a worshipper of Gozag Ym Sagoz the Greedy
   261 | D        | Found a stormy altar of Qazlal.
   262 | D        | Found a sacrificial altar of Ru.
   263 | D        | Found a shimmering blue altar of Sif Muna.
   264 | D        | Found a bloodstained altar of Trog.
   265 | D        | Found a hide-covered altar of Uskayaw.
   266 | D        | Found a radiant altar of Vehumet.
   267 | D        | Found an ornate altar of the Wu Jian Council.
   268 | D        | Found a shimmering altar of Xom.
   269 | D        | Found a basalt altar of Yredelemnul.
   270 | D        | Found a glowing silver altar of Zin.
   271 | D        | Found a glowing golden altar of the Shining One.
   297 | D        | Noticed a yak
   297 | D        | Noticed a kobold brigand
   297 | D        | Noticed a centaur
   297 | D        | Noticed a wraith
   297 | D        | Noticed an orc warrior
   304 | D        | Killed an orc warrior
   305 | D        | Reached skill level 7 in Unarmed Combat
   305 | D        | Reached XP level 4. HP: 41/41 MP: 3/3
   305 | D        | Reached XP level 5. HP: 48/48 MP: 4/4
   315 | D        | Killed a wraith
   316 | D        | Reached skill level 9 in Unarmed Combat
   316 | D        | Reached XP level 6. HP: 57/57 MP: 5/5
   328 | D        | Reached skill level 10 in Unarmed Combat
   340 | D        | Killed a yak
   341 | D        | Reached skill level 11 in Unarmed Combat
   341 | D        | Reached XP level 7. HP: 48/66 MP: 6/6
   602 | D        | Noticed a four-headed hydra
   602 | D        | Noticed a cyclops
   602 | D        | Noticed a gargoyle
   602 | D        | Noticed a tengu warrior
   602 | D        | Noticed a troll
   602 | D        | Noticed a six-headed hydra
   607 | D        | HP: 3/99 [eight-headed hydra (9)]
   607 | D        | Slain by an eight-headed hydra

Illustrated notes

Levels and vault maps discovered:
D:        linesprint [early_d, line_temple, items_1, d_10, items_2, lair_1,
          lair_end, items_3, orc_1, orc_end, items_4, d_15, swamp_1, shoals_1,
          snake_1, spider_1, d_20, vaults_1, items_5, swamp_end, shoals_end,
          snake_end, spider_end, vaults_end, d_27, items_6, zot_1, zot_end,
          crypt_end, forest_end, elf_end, slime_end, tomb_end, abyss_end,
          pan_hell_end]

Skill      XL: |  1  2  3  4  5  6 |
---------------+-------------------+-----
Dodging        | 2 3 4 |  4.3
Fighting       | 1 2 |  2.3
Unarmed Combat | 4 7 9 11 | 11.3
Shapeshifting  | 4 6 8 9 |  9.4
Stealth        | |  0.1

Action                     |  1- 3 |  4- 6 |  7- 9 || total
---------------------------+-------+-------+-------++-------
  Melee: Unarmed           |    40 |    24 |     3 ||    67
         Punch             |       |     4 |     1 ||     5
    Use: Potion            |     2 |       |     2 ||     4
 Armour: Animal skin       |    15 |       |    13 ||    28
         Skin              |     2 |    34 |       ||    36
  Dodge: Dodged            |    14 |       |     9 ||    23

Table legend: (Time is in decaauts)
 A = Elapsed time spent in this place.
 B = Non-inter-level travel time spent in this place.
 C = Inter-level travel time spent in this place.
 D = Time resting spent in this place.
 E = Time spent auto-exploring this place.
 F = Levels seen in this place.
 G = Mean time per level.
                   A        B        C        D        E       F      G
               +--------+--------+--------+--------+--------+-----+--------+
         Total |    598 |    598 |      0 |    447 |      0 |   1 |  598.0 |
       Dungeon |    598 |    598 |      0 |    447 |      0 |   1 |  598.0 |
               +--------+--------+--------+--------+--------+-----+--------+

Top non-repeatable levels by time:
       D: 598 daAuts
